 Dungeon Crawl Stone Soup version 0.14-a0-1765-g49ce880 (webtiles) character file.

499 M4edhros the Shield-Bearer (level 6, 0/42 HPs)
             Began as an Octopode Fighter on Jan 5, 2014.
             Was an Initiate of Okawaru.
             Succumbed to a giant centipede's poison
             ... on Level 4 of the Dungeon.
             The game lasted 00:06:53 (4236 turns).

M4edhros the Shield-Bearer (Octopode Fighter)       Turns: 4236, Time: 00:06:53

HP   0/42        AC  1     Str 15      XL: 6   Next: 66%
MP   6/6         EV 11     Int 13      God: Okawaru [......]
Gold 138         SH 19     Dex 11      Spells:  0 memorised,  5 levels left

rFire  + . .     SeeInvis .     e - +4,+1 trident (venom)
rCold  x . .     Clarity  .     c - -1 shield (curse)
rNeg   . . .     Conserve .     (helmet restricted)
rPois  .         rCorr    .     (no amulet)
rElec  .         rRot     .     h - +0,+6 ring of slaying {unknown}
SustAb + .       Spirit   .     i - ring of fire
rMut   .         Warding  .     k - ring of sustain abilities {unknown}
Saprov . . .     RndTele  +     p - cursed ring of teleportation
                                (no ring)
                                (no ring)
                                (no ring)
                                (no ring)

@: mildly poisoned, slightly resistant to hostile enchantments, fairly stealthy
A: almost no armour, amphibious, 8 rings, constrict 8, camouflage 1, gelatinous
body 1
a: Renounce Religion, Evoke Teleportation


You were on level 4 of the Dungeon.
You worshipped Okawaru.
Okawaru was noncommittal.
You were very hungry.

You visited 1 branch of the dungeon, and saw 4 of its levels.

You collected 138 gold pieces.

Inventory:

Hand weapons
 a - a +0,+0 trident
 e - a +4,+1 trident of venom (weapon)
 n - a +4,-1 short sword
Missiles
 f - 10 bolts
Armour
 c - a cursed -1 shield (worn)
Comestibles
 b - a lychee
 d - 4 bread rations
 g - an apple
 m - an orange
 o - a meat ration
Scrolls
 j - a scroll of identify {unknown}
Jewellery
 h - a +0,+6 ring of slaying (left tentacle) {unknown}
 i - a ring of fire (right tentacle)
 k - a ring of sustain abilities (on tentacle) {unknown}
 p - a cursed ring of teleportation (on tentacle)
Potions
 l - a potion of speed


   Skills:
 - Level 3.0 Fighting
 - Level 2.0 Polearms
 - Level 3.0 Dodging
 + Level 7.3 Shields


You had 5 spell levels left.
You didn't know any spells.

Dungeon Overview and Level Annotations

Branches:
Dungeon (4/16)
 Temple: D:4-7

Altars:
Okawaru
Trog

Portals:
Sewer: D:4


Innate Abilities, Weirdness & Mutations

You cannot wear most types of armour.
You are amphibious.
You can wear up to eight rings at the same time.
You can use your tentacles to constrict many enemies at once.
Your skin changes colour to match your surroundings (Stlth).
Your rubbery body absorbs attacks (AC +1).


Message History

You feel sick.
You feel a little better.
You start resting.
* * * LOW HITPOINT WARNING * * *
You feel sick.
You start resting.
* * * LOW HITPOINT WARNING * * *
You feel sick.
You start resting.
* * * LOW HITPOINT WARNING * * *
You feel sick.
You start resting.
* * * LOW HITPOINT WARNING * * *
You feel sick.
You feel a little better.
You start resting.
* * * LOW HITPOINT WARNING * * *
You feel sick.
You start resting.
You die...

#.# ## #.# #.. #.# #..<
####.# ###... ##....#
......##########.....###
........................
#........#####.....###
#..##@##..######...###
#...#≈≈≈#..............
#...#≈≈≈#.#...##....###
#...#≈∩≈#.#...##....#
#....#≈≈≈#.#########....
....#≈≈≈#.# ####.
...#####.# ........#
..####


There were no monsters in sight!

Vanquished Creatures
  A centaur (D:3)
  3 orc wizards (D:3)
  5 adders
  3 giant centipedes (D:4)
  A giant mite (D:2)
  2 worms
  An adder skeleton (D:4)
  6 giant geckos
  3 oozes
  4 orcs (D:3)
  12 giant cockroaches
  4 goblins
  9 hobgoblins
  10 jackals
  A quokka (D:2)
  4 training dummies (D:2)
  3 ball pythons
  10 bats
  A giant newt (D:2)
  A jackal skeleton (D:4)
  6 kobolds
  10 rats
100 creatures vanquished.

Notes
Turn   | Place    | Note
--------------------------------------------------------------
     0 | D:1      | M4edhros, the Octopode Fighter, began the quest for the Orb.
     0 | D:1      | Reached XP level 1. HP: 16/16 MP: 1/1
   147 | D:2      | Reached XP level 2. HP: 18/21 MP: 2/2
   276 | D:2      | Reached skill level 4 in Shields
   363 | D:2      | HP: 1/21 [poisoned by an adder]
   560 | D:2      | Reached XP level 3. HP: 18/26 MP: 3/3
   630 | D:2      | Found an iron altar of Okawaru.
   649 | D:2      | Became a worshipper of Warmaster Okawaru
   824 | D:2      | Reached XP level 4. HP: 27/31 MP: 4/4
   869 | D:2      | Reached skill level 5 in Shields
  1068 | D:2      | Found a bloodstained altar of Trog.
  1270 | D:1      | Noticed a jelly
  2480 | D:1      | Reached XP level 5. HP: 36/36 MP: 5/5
  3129 | D:3      | Reached skill level 6 in Shields
  3516 | D:3      | Noticed a centaur
  3522 | D:3      | Killed a centaur
  3522 | D:3      | Reached XP level 6. HP: 36/42 MP: 6/6
  3661 | D:3      | Reached skill level 7 in Shields
  4190 | D:4      | Found a glowing drain.
  4232 | D:4      | HP: 2/42 [poisoned by a giant centipede]
  4236 | D:4      | Succumbed to a giant centipede's poison

Action                   |  1- 3 |  4- 6 || total
-------------------------+-------+-------++-------
Melee: Trident           |    54 |   144 ||   198
       Short sword       |       |     1 ||     1
  Use: Potion            |       |     7 ||     7
       Scroll            |       |     5 ||     5
 Stab: Sleeping          |     3 |     7 ||    10
